 Dungeon Crawl Stone Soup version 0.18.1-8-gdd0e5ea (webtiles) character file.

88 buf2 the Changer (level 4, -1/35 HPs)
             Began as a Human Wanderer on June 3, 2016.
             Slain by an adder (3 damage)
             ... on level 2 of the Dungeon.
             The game lasted 00:13:56 (2923 turns).

buf2 the Changer (Human Wanderer)                   Turns: 2923, Time: 00:13:56

Health: -1/35      AC:  2    Str: 12    XL:     4   Next: 81%
Magic:  4/4        EV: 12    Int: 15    God:
Gold:   42         SH:  0    Dex: 11    Spells: 0 memorised, 3 levels left

rFire  . . .     SeeInvis .     a - +0 dagger
rCold  + . .     Gourm    .     e - +0 robe
rNeg   . . .     Faith    .     (no shield)
rPois  .         Spirit   .     (no helmet)
rElec  .         Dismiss  .     (no cloak)
rCorr  .         Reflect  .     (no gloves)
SustAt .         Harm     .     (no boots)
MR     .....                    (no amulet)
Stlth  +.........               (no ring)
                                l - ring of protection from cold

@: lethally poisoned (-1 -> -10), hasted, very quick, not resistant to hostile
enchantments, very unstealthy
A: no striking features
a: no special abilities


You were on level 2 of the Dungeon.
You were not hungry.

You visited 1 branch of the dungeon, and saw 2 of its levels.

You collected 42 gold pieces.

Inventory:

Hand Weapons
 a - a +0 dagger (weapon)
 b - a +1 shortbow
 n - a +0 whip
Missiles
 c - 38 arrows
 h - 14 sling bullets
 j - 2 curare-tipped needles
 m - 63 stones (quivered)
 o - 7 tomahawks
 t - 28 bolts
 v - 13 poisoned needles
Armour
 e - a +0 robe (worn)
 u - a +0 ring mail
Jewellery
 l - a ring of protection from cold (left hand)
Wands
 q - a wand of enslavement (24/24)
Scrolls
 g - 2 scrolls of identify
 i - 3 scrolls of remove curse
 p - 4 scrolls of recharging
 s - a scroll of enchant armour {unknown}
Comestibles
 d - 2 chunks of flesh
 f - 4 bread rations
 k - 3 fruits
 w - a meat ration


   Skills:
 + Level 3.0 Fighting
 + Level 0.4 Short Blades
 + Level 2.4 Bows
 + Level 1.1 Throwing
 + Level 1.6 Dodging
 + Level 0.7 Stealth
 + Level 0.2 Unarmed Combat
   Level 4.0 Transmutations
   Level 1.0 Poison Magic
 + Level 1.0 Evocations


You had 3 spell levels left.
You didn't know any spells.

Dungeon Overview and Level Annotations

Branches:
Dungeon (2/15)

Altars:


Message History

You closely miss the adder.
The adder is severely wounded.
You feel sick. The adder bites you.
* * * LOW HITPOINT WARNING * * *
The adder bites you.
* * * LOW HITPOINT WARNING * * *
You miss the adder.
The adder is severely wounded.
* * * LOW HITPOINT WARNING * * *
You feel sick. The adder bites you.
* * * LOW HITPOINT WARNING * * *
You hit the adder.
The adder is almost dead.
* * * LOW HITPOINT WARNING * * *
You feel sick. The adder misses you.
Drink which item? (? for menu, Esc to quit)
You feel yourself speed up.
* * * LOW HITPOINT WARNING * * *
You feel sick. The adder bites you.
You die...

######...........# ##
############# #
###############
*##########..............
*(..(..S@...#############
*############


You could see an adder.

Vanquished Creatures
  3 adders (D:2)
  An ooze (D:1)
  A worm (D:2)
  2 giant geckos (D:1)
  A ball python (D:1)
  10 bats
  4 giant cockroaches
  8 goblins
  A hobgoblin (D:2)
  2 jackals (D:2)
  5 giant newts
  8 kobolds
  5 rats
51 creatures vanquished.

Vanquished Creatures (others)
  An adder (D:2)
  A giant cockroach (D:2)
  A hobgoblin (D:2)
  2 jackals (D:2)
5 creatures vanquished.

Grand Total: 56 creatures vanquished

Notes
Turn   | Place    | Note
--------------------------------------------------------------
     0 | D:1      | buf2 the Human Wanderer began the quest for the Orb.
     0 | D:1      | buf2 set off with: a wand of enslavement (15/24), a +0 shortbow, 25 arrows, a potion of curing, a +0 robe, a bread ration
     0 | D:1      | Reached XP level 1. HP: 16/16 MP: 1/1
   319 | D:1      | Reached XP level 2. HP: 23/23 MP: 2/2
   614 | D:1      | Reached XP level 3. HP: 28/28 MP: 3/3
  1312 | D:2      | Found a faded altar to an unknown god.
  1342 | D:2      | Reached skill level 1 in Dodging
  1718 | D:2      | Reached XP level 4. HP: 4/35 MP: 4/4
  2923 | D:2      | Slain by an adder

Skill      XL: |  1  2  3 |
---------------+----------+-----
Bows           | 2 |  2.4
Dodging        | 1 |  1.6
Fighting       | 3 |  3.0
Short Blades   | |  0.4
Throwing       | |  1.1
Stealth        | |  0.7
Unarmed Combat | |  0.2
Transmutations | |  4.0
Poison Magic   | |  1.0
Evocations     | |  1.0

Action                   |  1- 3 |  4- 6 || total
-------------------------+-------+-------++-------
Melee: Unarmed           |    14 |       ||    14
       Whip              |     8 |       ||     8
       Dagger            |    45 |    95 ||   140
 Fire: Shortbow          |    43 |    23 ||    66
  Use: Scroll            |     7 |     2 ||     9
       Potion            |       |     3 ||     3
  Eat: Chunk             |     2 |     3 ||     5
       Pizza             |       |     1 ||     1
Armor: Robe              |    10 |    41 ||    51
Dodge: Dodged            |    35 |    90 ||   125
